 Dungeon Crawl Stone Soup version 0.31-a0-986-g5e6e4ef867 (webtiles) character file.

Game seed: 5252953575003093055

8656 Vomitron the Covert (level 11, -6/47 HPs)
             Began as a Spriggan Enchanter on Nov 5, 2023.
             Was a High Priest of Wu Jian.
             Shot with an arrow by a centaur warrior (8 damage)
             ... on level 10 of the Dungeon.
             The game lasted 00:26:28 (8471 turns).

Vomitron the Covert (Spriggan Enchanter)            Turns: 8471, Time: 00:26:28

Health: -6/47      AC:  9    Str:  4    XL:     11   Next: 12%
Magic:  16/18      EV: 25    Int: 20    God:    Wu Jian [*****.]
Gold:   444        SH:  0    Dex: 20    Spells: 6/18 levels left

rFire   . . .        b - +0 dagger (venom)
rCold   . . .        (no shield)
rNeg    . . .        i - +1 robe "Quc Wulo" {Regen+ Int+3}
rPois   .            (helmet restricted)
rElec   .            t - +1 cloak
rCorr   .            (gloves unavailable)
SInv    +            (boots unavailable)
Will    +....        (no amulet)
Stlth   +++++        f - ring of wizardry
HPRegen 1.07/turn    n - +4 ring of protection
MPRegen 0.16/turn

%: wizardry (x1)
@: very quick
A: very small, no large weapons, unfitting armour, see invisible, speed 3
a: Renounce Religion, Wall Jump, Serpent's Lash, Heavenly Storm


You were on level 10 of the Dungeon.
You worshipped Wu Jian.
Wu Jian was extremely pleased with you.
You visited 1 branch of the dungeon, and saw 10 of its levels.
You also visited: Sewer.

You collected 594 gold pieces.
You spent 150 gold pieces at shops.

Inventory:

Hand Weapons
 a - a +1 dagger
 b - a +0 dagger of venom (weapon)
 m - a +2 falchion of freezing
 p - the +9 sling of Corporal Punishment {heavy, rElec Will+ Dex-4}
   (You found it on level 3 of the Dungeon)

   Dex-4:     It affects your dexterity (-4).
   rElec:     It insulates you from electricity.
   Will+:     It increases your willpower.
 B - a +0 rapier of draining
Missiles
 s - 11 poisoned darts
Armour
 i - the +1 robe "Quc Wulo" (worn) {Regen+ Int+3}
   (You found it on level 2 of the Dungeon)

   Int+3:     It affects your intelligence (+3).
   Regen+:    It increases your rate of health regeneration.
 t - a +1 cloak (worn)
 y - the +0 buckler "Tecriusu" {rC+ Will+}
   (You found it on level 7 of the Dungeon)

   rC+:       It protects you from cold.
   Will+:     It increases your willpower.
Jewellery
 f - a ring of wizardry (left hand)
 n - a +4 ring of protection (right hand)
 q - a ring of ice
 A - a ring of protection from cold
 C - a ring of magical power
Wands
 z - a wand of digging (2)
 D - a wand of flame (26)
 J - a wand of polymorph (3)
Scrolls
 d - 9 scrolls of teleportation
 k - 2 scrolls of fear
 x - 2 scrolls of amnesia
 G - a scroll of revelation
 H - a scroll of vulnerability
 K - a scroll of enchant armour
 L - a scroll of poison
Potions
 c - 2 potions of invisibility
 e - 4 potions of mutation
 g - 2 potions of degeneration {unknown}
 h - a potion of heal wounds {unknown}
 j - 2 potions of resistance
 l - 3 potions of curing
 o - 2 potions of cancellation {unknown}
 r - a potion of berserk rage
 u - 2 potions of lignification {unknown}
 v - 4 potions of enlightenment
 w - 3 potions of attraction {unknown}
 E - 2 potions of ambrosia {unknown}
 F - a potion of brilliance {unknown}
 I - a potion of magic {unknown}


   Skills:
 + Level 11.1 Short Blades
 + Level 10.3 Dodging
 + Level 12.6 Stealth
 - Level 4.3 Spellcasting
 + Level 9.9 Hexes
 + Level 3.8 Poison Magic


You had 6 spell levels left.
You knew the following spells:

 Your Spells              Type           Power      Damage    Failure   Level
a - Ensorcelled Hibernat  Hex/Ice        48%        N/A       1%          2
b - Tukima's Dance        Hex            43%        N/A       1%          3
c - Confusing Touch       Hex            43%        N/A       1%          3
d - Olgreb's Toxic Radia  Pois           19%        N/A       11%         4

Your spell library contained the following spells:

 Spells                   Type           Power      Damage    Failure   Level
 Dazzling Flash           Conj/Hex       48%        N/A       1%          3
 Passwall                 Tmut/Erth      3%         N/A       8%          2
 Scorch                   Fire           8%         2d5       8%          2
 Yara's Violent Unravell  Hex/Tmut       12%        3d7       17%         5
 Flame Wave               Conj/Fire      4%         2d5       43%         4
 Summon Cactus Giant      Summ           2%         N/A       99%         6


Dungeon Overview and Level Annotations

Branches:
Dungeon (10/15)            Temple (0/1) D:5           Sewer (visited)
   Lair: D:8-11         Orc: D:9-12

Altars:
Cheibriados
Elyvilon
Fedhas
Hepliaklqana
Okawaru
Ru
Uskayaw
Vehumet
Wu Jian
Zin

Shops:
D:1 (   D:6 *


Innate Abilities, Weirdness & Mutations

You are very small and have problems with some larger weapons.
You are too small for most types of armour.
You have supernaturally acute eyesight. (SInv)
You cover ground extremely quickly. (Speed+++)


Message History

You climb upwards.
There is a stone staircase leading down here.
You see here a +0 dagger.
You see here a +0 hand axe.
HP restored.
There is an open door here.
There is a stone staircase leading down here.
You climb downwards.
There is a stone staircase leading up here.
The gnoll sergeant shouts!
You lunge at the gnoll sergeant.
You hit the gnoll sergeant but do no damage.
The gnoll sergeant is poisoned.
A centaur warrior comes into view.
The gnoll sergeant barely misses you.
The centaur warrior shouts!
You hit the gnoll sergeant but do no damage.
The gnoll sergeant looks as sick as possible!
The centaur warrior wields a +0 orcbow.
The centaur warrior shoots an arrow.
The arrow misses you. The gnoll sergeant misses you.
The centaur warrior shoots an arrow.
The arrow completely misses you.
There is a stone staircase leading up here.
The gnoll sergeant completely misses you.
You lunge at the gnoll sergeant.
You hit the gnoll sergeant.
The gnoll sergeant looks as sick as possible!
The gnoll sergeant is lightly wounded.
The centaur warrior shoots an arrow.
The arrow misses you.
Unknown command.
You barely miss the gnoll sergeant.
The gnoll sergeant is moderately wounded.
The gnoll sergeant hits you with a +0 spear!
The centaur warrior shoots an arrow.
The arrow hits you!!
A killer bee comes into view.
The gnoll sergeant completely misses you.
There is a stone staircase leading up here.
The centaur warrior shoots an arrow.
The arrow hits you!!
* * * LOW HITPOINT WARNING * * *
The centaur warrior shoots an arrow.
The arrow hits you!
You die...

#.~.~~.~# #. ##..≈≈~##
#. ##y≈≈~# ##
#########c.≈≈.##########
..........#≈≈#........##
..........##≈#........#.
..........# ≈#..........
.....(....####..........
.......@.g..............
######################..
##. ## #


You could see a centaur warrior, a gnoll sergeant (extremely poisoned) and a
killer bee (wandering).

Vanquished Creatures
  A two-headed ogre (D:8)
  A kobold demonologist (D:10)
  Sigmund (D:2)
  2 wyverns
  9 yaks (D:9)
  4 steam dragons
  Grum (D:8)
  3 vampire mosquitoes (D:10)
  Menkaure (D:4)
  4 water moccasins
  2 acid dragons (D:10)
  4 orc warriors
  2 sky beasts
  A black bear (D:8)
  4 ogres
  4 wolves (D:8)
  A phantom (D:6)
  4 centaurs
  A bullfrog (D:9)
  5 scorpions
  2 gnoll sergeants
  3 wights (D:9)
  17 killer bees
  6 howler monkeys
  A hound (D:5)
  3 orc priests (D:9)
  7 iguanas
  2 gnoll boudas
  Terence (D:2)
  6 orc wizards
  21 gnolls
  A river rat (D:4)
  7 adders
  A white imp (D:7)
  2 worms
  26 orcs
  16 bats
  8 endoplasms
  5 giant cockroaches
  5 goblins
  7 hobgoblins
  2 jackals (D:3)
  8 kobolds
  6 quokkas
  8 ball pythons
  5 frilled lizards
  6 rats
237 creatures vanquished.

Vanquished Creatures (collateral kills)
  A wight (D:10)
  A gnoll (D:4)
  An orc (D:4)
3 creatures vanquished.

Grand Total: 240 creatures vanquished

Notes
Turn   | Place    | Note
-------+----------+-------------------------------------------
     0 | D:1      | Vomitron the Spriggan Enchanter began the quest for the
                  | Orb.
     0 | D:1      | Reached XP level 1. HP: 9/9 MP: 5/5
   306 | D:1      | Found Daikerao's Antique Weapon Shoppe.
   481 | D:1      | Reached XP level 2. HP: 11/13 MP: 6/6
  1080 | D:2      | Noticed Terence
  1108 | D:1      | Learned a level 2 spell: Ensorcelled Hibernation
  1114 | D:2      | Killed Terence
  1115 | D:2      | Reached skill level 5 in Stealth
  1115 | D:2      | Reached XP level 3. HP: 12/16 MP: 3/8
  1182 | D:2      | Found a faded altar of an unknown god.
  1387 | D:2      | Identified the +1 robe "Quc Wulo" {Regen+ Int+3}
  1436 | D:2      | Reached XP level 4. HP: 21/21 MP: 7/10
  1779 | D:2      | Noticed Sigmund
  1814 | D:2      | Killed Sigmund
  1815 | D:2      | Reached skill level 6 in Stealth
  1815 | D:2      | Reached XP level 5. HP: 20/24 MP: 6/12
  2009 | D:2      | Learned a level 3 spell: Tukima's Dance
  2013 | D:2      | Learned a level 3 spell: Confusing Touch
  2078 | D:3      | Reached XP level 6. HP: 28/28 MP: 4/13
  2389 | D:3      | Found a hide-covered altar of Uskayaw.
  2389 | D:3      | Found a glowing silver altar of Zin.
  2398 | D:3      | Found a snail-covered altar of Cheibriados.
  2400 | D:3      | Found a blossoming altar of Fedhas.
  2403 | D:3      | Found an ornate altar of the Wu Jian Council.
  2404 | D:3      | Found a sacrificial altar of Ru.
  2406 | D:3      | Found a white marble altar of Elyvilon.
  2412 | D:3      | Found a radiant altar of Vehumet.
  2413 | D:3      | Became a worshipper of the Wu Jian Council
  2631 | D:3      | Reached skill level 5 in Hexes
  2633 | D:3      | Identified the +9 sling of Corporal Punishment {heavy,
                  | rElec Will+ Dex-4}
  2759 | D:3      | Found a faded altar of an unknown god.
  2759 | D:3      | Found a hazy altar of Hepliaklqana.
  2761 | D:3      | Found a faded altar of an unknown god.
  3102 | D:4      | Reached * piety under Wu Jian
  3116 | D:4      | Noticed Menkaure
  3134 | D:4      | Killed Menkaure
  3135 | D:4      | Reached skill level 5 in Dodging
  3135 | D:4      | Reached skill level 7 in Stealth
  3135 | D:4      | Reached XP level 7. HP: 23/32 MP: 11/14
  3155 | D:4      | Found a glowing drain.
  3213 | Sewer    | Entered a sewer
  3244 | Sewer    | Reached skill level 5 in Short Blades
  3696 | D:4      | Reached XP level 8. HP: 36/36 MP: 8/15
  3799 | D:5      | Identified the of Ebratargh
  3799 | D:5      | Entered Level 5 of the Dungeon
  3847 | D:4      | Reached ** piety under Wu Jian
  3934 | D:1      | Bought a glowing dagger for 150 gold pieces
  4021 | D:5      | Reached skill level 8 in Stealth
  4174 | D:5      | Found a staircase to the Ecumenical Temple.
  4523 | D:6      | Found Inuathric's Assorted Antiques.
  4987 | D:6      | Found an iron altar of Okawaru.
  5254 | D:7      | Identified the +0 buckler "Tecriusu" {rC+ Will+}
  5415 | D:7      | Reached skill level 9 in Stealth
  5630 | D:7      | Reached XP level 9. HP: 39/39 MP: 16/16
  6458 | D:8      | Reached skill level 10 in Stealth
  6462 | D:8      | Noticed a two-headed ogre
  6468 | D:8      | Killed a two-headed ogre
  6538 | D:8      | Noticed Grum
  6550 | D:8      | Killed Grum
  6550 | D:8      | Reached *** piety under Wu Jian
  6616 | D:8      | Reached skill level 11 in Stealth
  6616 | D:8      | Reached XP level 10. HP: 44/44 MP: 8/17
  6699 | D:8      | Learned a level 4 spell: Olgreb's Toxic Radiance
  7003 | D:9      | Reached skill level 1 in Poison Magic
  7142 | D:9      | Reached skill level 10 in Short Blades
  7276 | D:9      | Reached **** piety under Wu Jian
  7531 | D:9      | Reached skill level 12 in Stealth
  7861 | D:10     | Entered Level 10 of the Dungeon
  7904 | D:10     | Reached skill level 10 in Dodging
  8102 | D:10     | Reached XP level 11. HP: 46/47 MP: 14/18
  8238 | D:10     | Noticed a rakshasa
  8429 | D:10     | Reached ***** piety under Wu Jian
  8462 | D:10     | Noticed a centaur warrior
  8471 | D:10     | HP: 2/47 [centaur warrior/arrow (22)]
  8471 | D:10     | Shot with an arrow by a centaur warrior

Illustrated notes

Levels and vault maps discovered:
D:1:      dpeg_arrival_boxes_within_box, layout_basic, serial_shops,
          nicolae_shop_crystal
D:2:      layout_basic, ebering_ecumenical_altar_webs, uniq_sigmund,
          uniq_terence
D:3:      layout_rooms, nicolae_hepliaklqana_ecumenical_no_more,
          nicolae_overflow_hallway_of_the_gods, minmay_surrounded
D:4:      layout_cave_pools, portal_sewer_entry_a, uniq_menkaure
D:5:      layout_cave_pools, temple_green, glass_columns_a, minmay_crystal_water
D:6:      wander_river, layout_basic, kennysheep_mini_moat, serial_shops, shop,
          kennysheep_another_room, nicolae_lava_and_water,
          nicolae_fountain_basement
D:7:      layout_gridville, minivault_25
D:8:      black_bear_nest_1, layout_cave_pools, uniq_grum
D:9:      layout_roguey
D:10:     wad_guarded_room, layout_cross, chequers_serial_rivers_small_3

Skill      XL: |  1  2  3  4  5  6  7  8  9 10 11 |
---------------+----------------------------------+-----
Dodging        | 3 4 5 7 8 10 | 10.3
Spellcasting   | 3 4 |  4.3
Short Blades   | 2 3 4 5 7 9 10 11 | 11.1
Stealth        | 5 6 7 9 11 12 | 12.6
Hexes          | 4 5 6 7 8 9 |  9.9
Poison Magic   | 3 |  3.8

Action                     |  1- 3 |  4- 6 |  7- 9 | 10-12 || total
---------------------------+-------+-------+-------+-------++-------
  Melee: Dagger            |   123 |   125 |   200 |   333 ||   781
         Punch             |       |     2 |     1 |     4 ||     7
         Rapier            |       |       |       |    25 ||    25
   Cast: Ensorcelled Hiber |     4 |    30 |    62 |    26 ||   122
         Confusing Touch   |       |     1 |     1 |     3 ||     5
         Tukima's Dance    |       |       |     1 |     1 ||     2
Ability: Lunge             |       |    15 |    43 |    37 ||    95
         Whirlwind         |       |     1 |    24 |    43 ||    68
    Use: Scroll            |       |       |    13 |     1 ||    14
   Stab: Sleeping          |    10 |    30 |    53 |    32 ||   125
         Confused          |       |     1 |     1 |     3 ||     5
         Distracted        |       |       |     2 |     1 ||     3
 Armour: Robe              |    34 |    26 |    36 |    59 ||   155
  Dodge: Dodged            |    96 |    75 |   119 |   228 ||   518

Table legend: (Time is in decaauts)
 A = Elapsed time spent in this place.
 B = Non-inter-level travel time spent in this place.
 C = Inter-level travel time spent in this place.
 D = Time resting spent in this place.
 E = Time spent auto-exploring this place.
 F = Levels seen in this place.
 G = Mean time per level.
                   A        B        C        D        E       F      G
               +--------+--------+--------+--------+--------+-----+--------+
         Total |   5965 |   5715 |    250 |    345 |   3461 |  11 |  542.3 |
       Dungeon |   5916 |   5666 |    250 |    345 |   3461 |  10 |  591.6 |
         Sewer |     48 |     48 |      0 |      0 |      0 |   1 |   48.0 |
               +--------+--------+--------+--------+--------+-----+--------+

Top non-repeatable levels by time:
     D:2: 740 daAuts
     D:1: 725 daAuts
     D:7: 709 daAuts
     D:3: 666 daAuts
     D:9: 661 daAuts
     D:4: 657 daAuts
     D:8: 537 daAuts
     D:6: 501 daAuts
     D:5: 360 daAuts
    D:10: 356 daAuts
   Sewer: 48 daAuts
